 Dungeon Crawl Stone Soup version 0.17.1-2-g5865329 (webtiles) character file.

123 JustSomeDude the Grave Robber (level 4, 0/30 HPs)
             Began as a Mummy Necromancer on Jan 14, 2016.
             Slain by a hound (2 damage)
             ... on level 4 of the Dungeon on Jan 15, 2016.
             The game lasted 00:16:29 (2945 turns).

JustSomeDude the Grave Robber (Mummy Necromancer)   Turns: 2945, Time: 00:16:29

Health: 0/30       AC:  3    Str: 11    XL:     4   Next: 79%
Magic:  0/9        EV: 12    Int: 15    God:
Gold:   152        SH:  0    Dex: 12    Spells: 2 memorised, 7 levels left

rFire  x . .     SeeInvis .     (no weapon)
rCold  + . .     Clarity  .     a - +1 robe
rNeg   + + +     SustAt   .     (no shield)
rPois  ∞         Gourm    .     (no helmet)
rElec  .         Spirit   .     (no cloak)
rCorr  .         Warding  .     (no gloves)
rMut   .         Rnd*Tele +     (no boots)
MR     .....                    (no amulet)
Stlth  ++........               h - ring of teleportation
                                j - ring of poison resistance

@: very slightly contaminated, not resistant to hostile enchantments, unstealthy
A: no food or potions, fire vulnerability, cold resistance 1, negative energy
resistance 3, torment resistance, unbreathing
a: Evoke Teleportation


You were on level 4 of the Dungeon.
You were not hungry.

You visited 1 branch of the dungeon, and saw 4 of its levels.

You collected 152 gold pieces.

Inventory:

Armour
 a - a +1 robe (worn)
Jewellery
 h - a ring of teleportation (right hand)
 j - a ring of poison resistance (left hand)
Scrolls
 c - a scroll of remove curse
 d - 3 scrolls of magic mapping
 e - 4 scrolls of recharging
 f - 4 scrolls of identify
 g - a scroll of blinking
 i - a scroll of enchant armour
 k - a scroll of immolation
Books
 b - a book of Necromancy

   Spells                             Type                      Level
   a - Pain                           Necromancy                   1
   b - Animate Skeleton               Necromancy                   1
   c - Vampiric Draining              Necromancy                   3
   d - Regeneration                   Charms/Necromancy            3
   e - Animate Dead                   Necromancy                   4
   f - Control Undead                 Necromancy                   4


   Skills:
 + Level 0.2 Fighting
 + Level 2.0 Dodging
 + Level 1.6 Stealth
 + Level 0.1 Unarmed Combat
 + Level 3.3 Spellcasting
 + Level 5.0 Necromancy


You had 7 spell levels left.
You knew the following spells:

 Your Spells              Type           Power        Failure   Level  Hunger
a - Pain                  Necr           ###.         2%          1    N/A
b - Animate Skeleton      Necr           N/A          2%          1    N/A

Dungeon Overview and Level Annotations

Branches:
Dungeon (4/15)
 Temple: D:4-7

Altars:
Ashenzari
Okawaru


Innate Abilities, Weirdness & Mutations

You do not eat or drink.
Your flesh is vulnerable to fire.
You are immune to poison.
Your flesh is cold resistant.
You are immune to negative energy.
You are immune to unholy pain and torment.
You can survive without breathing.


Message History

The hound bites you.
* * * LOW HITPOINT WARNING * * *
The hound barely misses you.
You see here a spear.
The hound barely misses you.
Casting: Pain
Confirm with . or Enter, or press ? or * to list all spells.
Aiming: Pain
Press: ? - help, Shift-Dir - straight line, f/p - hound
Aim: a hound (almost dead, chance to defeat MR: 82%)
You miscast Pain.
You are very lightly contaminated with residual magic.
Nothing appears to happen.
The hound completely misses you. The hound bites you but does no damage.
The hound bites you.
* * * LOW HITPOINT WARNING * * *
The hound bites you.
* * * LOW HITPOINT WARNING * * *
The hound bites you.
You die...

!.....................%..<.....##
.....###......................##
....<####.....................#
......####....................#
..##...####...................)#
.#####).###...#.)(..............#
.# ##........#>.............#..
.# ##........#.............##. .#
##......h@#............# # .#
#.........#...........# .#
#............. .##
#..............
..#####....###..........
.....(.....# ##......#..
..#######..# #......# . .## #...
.......# w#


You could see a hound.

Vanquished Creatures
  3 gnolls (D:3)
  An adder (D:2)
  2 oozes (D:1)
  A worm (D:3)
  2 giant geckos
  4 orcs
  2 ball pythons
  5 giant cockroaches
  6 goblins
  8 hobgoblins
  4 jackals
  5 kobolds
  2 quokkas
  8 bats
  7 giant newts
  8 rats
68 creatures vanquished.

Notes
Turn   | Place    | Note
--------------------------------------------------------------
     0 | D:1      | JustSomeDude the Mummy Necromancer began the quest for the Orb.
     0 | D:1      | Reached XP level 1. HP: 13/13 MP: 3/3
     2 | D:1      | Learned a level 1 spell: Animate Skeleton
   231 | D:1      | Reached XP level 2. HP: 19/19 MP: 1/5
   834 | D:1      | Reached XP level 3. HP: 24/24 MP: 4/6
  1066 | D:2      | Found an iron altar of Okawaru.
  1950 | D:3      | Reached XP level 4. HP: 28/30 MP: 6/8
  2225 | D:3      | Found a shattered altar of Ashenzari.
  2813 | D:4      | Reached skill level 5 in Necromancy
  2945 | D:4      | Slain by a hound

Action                   |  1- 3 |  4- 6 || total
-------------------------+-------+-------++-------
Melee: Unarmed           |    93 |    13 ||   106
 Cast: Pain              |    74 |    52 ||   126
  Use: Scroll            |     5 |     3 ||     8
